AoeStats
← IlDuce.xX82

Yucatan

510460394Analyzed
2v2 RM · 2d ago on Oct 1, 2026· 74m 16s· 4 players
Game mode
Random Map
Map size
Medium (4 player)
Population
200
Speed
Normal
Resources
Standard
Victory
Conquest
Starting age
Dark Age
Ending age
Imperial Age
RankedLock teamsTeams togetherTeam positionsShared explorationLock speedFull tech treeHidden civsTurbo modeCheats
Victory
Defeat
🇦🇷 Byzantines · Argentina
621
+16
🇦🇷 Portuguese · Argentina
596
+17
🇨🇱 Shu · Chile
632
-17
🇨🇱 Byzantines · Chile
600
-16
IlDuce.xX82
12:45 Feudal Age
13:32 Double-Bit Axe
14:25 Horse Collar
18:59 Castle Age
17:35 Wheelbarrow
16:46 Loom
45:57 Circumnavigation
51:12 Padded Archer Armor
51:03 Fletching
55:51 Bodkin Arrow
56:12 Leather Archer Armor
60:37 Imperial Age
60:21 Bow Saw
60:04 Gold Mining
61:41 Conscription
60:56 Elite Organ Gun
61:17 Elite Organ Gun
64:12 Two-Man Saw
67:12 Ballistics
67:57 Chemistry
68:51 Bracer
69:22 Ring Archer Armor
KaiserB
5:55 Loom
12:16 Feudal Age
21:22 Castle Age
22:29 Horse Collar
22:37 Double-Bit Axe
24:35 Forging
26:12 Bow Saw
28:02 Scale Barding Armor
28:38 Husbandry
30:07 Wheelbarrow
32:06 Hand Cart
41:41 Imperial Age
42:25 Heavy Plow
42:44 Fortified Wall
44:24 Two-Man Saw
43:59 Crop Rotation
44:01 Ballistics
44:03 Fletching
44:16 Padded Archer Armor
44:45 Murder Holes
45:00 Bodkin Arrow
45:38 Crossbowman
46:23 Thumb Ring
46:19 Cavalier
47:32 Arbalester
52:12 Conscription
53:56 Iron Casting
53:41 Chain Barding Armor
53:22 Bracer
57:20 Elite Cataphract
58:58 Leather Archer Armor
59:18 Plate Barding Armor
60:51 Chemistry
60:17 Caravan
60:32 Capped Ram
60:51 Capped Ram
61:59 Paladin
62:33 Siege Ram
68:04 Heavy Camel Rider
70:08 Pikeman
70:49 Squires
71:06 Halberdier
Daton
0:40 Loom
12:48 Feudal Age
14:55 Wheelbarrow
13:56 Man-at-Arms
17:20 Town Watch
21:38 Arson
22:17 Scale Mail Armor
22:28 Forging
22:14 Horse Collar
29:19 Castle Age
30:18 Hand Cart
29:43 Long Swordsman
30:46 Gambesons
31:02 Squires
30:25 Crossbowman
40:23 Husbandry
40:43 Chain Mail Armor
40:44 Padded Archer Armor
40:35 Fletching
44:03 Coiled Serpent Array
47:28 Imperial Age
46:53 Leather Archer Armor
46:34 Bodkin Arrow
46:44 Scale Barding Armor
47:24 Stone Mining
47:24 Gold Mining
47:27 Pikeman
48:33 Conscription
48:11 Light Cavalry
48:13 Heavy Hei Guang Cavalry
49:55 Caravan
50:26 Coinage
50:16 Town Patrol
51:33 Plate Mail Armor
50:26 Two-Handed Swordsman
52:05 Ring Archer Armor
51:50 Elite Skirmisher
52:36 Thumb Ring
54:44 Halberdier
57:06 Champion
60:57 Double-Bit Axe
61:17 Heavy Plow
61:37 Capped Ram
63:59 Bolt Magazine
ISR4 ENRIQUE XXIII
11:35 Feudal Age
12:22 Double-Bit Axe
21:20 Castle Age
23:38 Pikeman
30:58 Horse Collar
31:44 Murder Holes
34:00 Wheelbarrow
34:50 Forging
34:41 Scale Mail Armor
34:47 Scale Barding Armor
39:07 Imperial Age
38:56 Chain Barding Armor
38:37 Padded Archer Armor
39:23 Hand Cart
39:44 Heavy Plow
40:20 Husbandry
41:57 Caravan
47:10 Chemistry
46:03 Guard Tower
45:58 Treadmill Crane
50:14 Logistica
50:28 Conscription
50:40 Elite Skirmisher
54:37 Ballistics
57:24 Light Cavalry
60:10 Bow Saw
60:33 Crop Rotation
60:42 Plate Barding Armor
60:22 Chain Mail Armor
60:08 Padded Archer Armor
62:20 Onager
64:57 Cavalier
70:10 Elite Cataphract
72:39 Thumb Ring
71:55 Crossbowman
72:57 Halberdier
Connection lost

Rejoining the realm…

Still unreachable

The connection could not be restored.

Session expired

The server has moved on; the page needs a fresh start.